 Dungeon Crawl Stone Soup version 0.21-a0-72-gbbb65ab (webtiles) character file.

674 Spazmo the Conjurer (level 7, -3/36 HPs)
             Began as a Deep Elf Conjurer on June 19, 2017.
             Slain by Duvessa
             ... wielding a +3 rapier of freezing
              (19 damage)
             ... on level 5 of the Dungeon.
             The game lasted 00:11:35 (3838 turns).

Spazmo the Conjurer (Deep Elf Conjurer)             Turns: 3838, Time: 00:11:36

Health: -3/36      AC:  4    Str:  5    XL:     7   Next: 33%
Magic:  1/20       EV: 14    Int: 22    God:
Gold:   131        SH:  0    Dex: 15    Spells: 10/21 levels left

rFire    . . .     SeeInvis .   r - +0 long sword
rCold    . . .     Gourm    .   (no shield)
rNeg     + . .     Faith    .   a - +1 robe
rPois    .         Spirit   .   (no helmet)
rElec    .         Reflect  .   m - +0 cloak
rCorr    .         Harm     .   (no gloves)
MR       .....                  (no boots)
Stlth    ++........             i - amulet of regeneration
HPRegen  0.52/turn              h - ring of positive energy
MPRegen  0.17/turn              l - +1 ring of evasion

@: no status effects
A: no striking features
a: no special abilities


You were on level 5 of the Dungeon.
You were not hungry.

You visited 1 branch of the dungeon, and saw 5 of its levels.

You collected 131 gold pieces.

Inventory:

Hand Weapons
 r - a +0 long sword (weapon)
Missiles
 g - 73 stones (quivered)
Armour
 a - a +1 robe (worn)
 m - a +0 cloak (worn)
Jewellery
 h - a ring of positive energy (left hand)
 i - an amulet of regeneration (around neck)
 l - a +1 ring of evasion (right hand)
Wands
 q - a wand of polymorph (12/24)
Scrolls
 j - 2 scrolls of remove curse
 n - a scroll of teleportation
 o - 4 scrolls of identify
 p - a scroll of enchant armour
Potions
 d - a potion of heal wounds
 e - 3 potions of curing
 k - a potion of might
Books
 b - a book of Conjurations

   Spells                             Type                      Level
   a - Magic Dart                     Conjuration                  1
   b - Searing Ray                    Conjuration                  2
   c - Dazzling Spray                 Conjuration/Hexes            3
   d - Fulminant Prism                Conjuration/Hexes            4
   e - Force Lance                    Conjuration/Translocation    4
   f - Iskenderun's Mystic Blast      Conjuration                  4
 u - a book of Cantrips

   Spells                             Type                      Level
   a - Confusing Touch                Hexes                        1
   b - Animate Skeleton               Necromancy                   1
   c - Summon Small Mammal            Summoning                    1
   d - Apportation                    Translocation                1
Comestibles
 c - 3 bread rations
 f - a meat ration
 s - 3 fruits


   Skills:
 - Level 2.4 Dodging
 - Level 2.4 Stealth
 + Level 7.7 Spellcasting
 + Level 7.9 Conjurations


You had 10 spell levels left.
You knew the following spells:

 Your Spells              Type           Power        Failure   Level  Hunger
a - Magic Dart            Conj           ####         1%          1    None
b - Searing Ray           Conj           #####.       1%          2    None
c - Force Lance           Conj/Tloc      ####....     16%         4    ###....
d - Iskenderun's Mystic   Conj           #####...     3%          4    ###....


Dungeon Overview and Level Annotations

Branches:
Dungeon (5/15)
 Temple: D:4-7

Altars:

Shops:
D:4 (

Annotations:
D:5 Duvessa


Message History

Confirm with . or Enter, or press ? or * to list all spells.
Aiming: Force Lance
Press: ? - help, Shift-Dir - straight line, f/p - Duvessa
Aim: Duvessa, wielding a rapier of freezing and wearing a leather armour (heavily wounded, berserk, fast, unusually strong)
The lance of force hits Duvessa.
Duvessa is severely wounded.
Duvessa is knocked back by the lance of force.
Evoke which item? (* to show all) (? for menu, Esc to quit)
Okay, then.
Unknown command.
Casting: Force Lance
Confirm with . or Enter, or press ? or * to list all spells.
Aiming: Magic Dart
Press: ? - help, Shift-Dir - straight line, f/p - Duvessa
Aim: Duvessa, wielding a rapier of freezing and wearing a leather armour (severely wounded, berserk, fast, unusually strong)
The magic dart hits Duvessa.
Duvessa is severely wounded.
Duvessa hits you with a rapier of freezing!!
Ouch! That really hurt!
You die...

#. #...## ##
#. ###.# # ..
#.# #.###.
#.# #.#.. #.#
#...# #.#
##.# #.#
##.#)#
#.#####.###..
#...@e.##
.e..
#######.#
...# #.# ##.#
#.# .# ... .
#.# .# #


You could see Duvessa (berserk).

Vanquished Creatures
  An orc warrior (D:4)
  A scorpion (D:4)
  Dowan (D:5)
  2 orc priests (D:3)
  A hound (D:4)
  An iguana (D:5)
  2 worker ants
  An orc wizard (D:4)
  A worker ant zombie (D:4)
  7 gnolls (D:3)
  7 adders
  2 oozes
  3 worms
  A dart slug (D:1)
  4 leopard geckos
  19 orcs
  3 ball pythons
  2 giant cockroaches
  7 goblins
  16 hobgoblins
  3 jackals (D:4)
  10 kobolds
  A quokka (D:5)
  13 bats
  5 frilled lizards
  7 rats
121 creatures vanquished.

Notes
Turn   | Place    | Note
-------+----------+-------------------------------------------
     0 | D:1      | Spazmo the Deep Elf Conjurer began the quest for the Orb.
     0 | D:1      | Reached XP level 1. HP: 10/10 MP: 6/6
   168 | D:1      | Reached XP level 2. HP: 15/15 MP: 3/8
   172 | D:1      | Learned a level 2 spell: Searing Ray
   384 | D:1      | Reached skill level 5 in Conjurations
   482 | D:1      | Reached XP level 3. HP: 19/19 MP: 6/10
  1281 | D:2      | Reached XP level 4. HP: 24/24 MP: 8/12
  1613 | D:3      | Reached skill level 5 in Spellcasting
  1754 | D:3      | Reached XP level 5. HP: 26/28 MP: 4/14
  1761 | D:3      | Learned a level 4 spell: Force Lance
  1766 | D:3      | Learned a level 4 spell: Iskenderun's Mystic Blast
  2312 | D:3      | Reached XP level 6. HP: 29/32 MP: 3/17
  3258 | D:4      | Noticed an orc warrior
  3278 | D:4      | Killed an orc warrior
  3279 | D:4      | HP: 1/32 [orc wizard/magic dart (5)]
  3280 | D:4      | Reached XP level 7. HP: 1/36 MP: 6/19
  3664 | D:4      | Found Hinonoli's Antique Weapon Shoppe.
  3781 | D:5      | Entered Level 5 of the Dungeon
  3827 | D:5      | Noticed Duvessa
  3828 | D:5      | Noticed Dowan
  3830 | D:5      | Killed Dowan
  3838 | D:5      | Slain by Duvessa

Vault maps used:
D:1:      eino_arrival_tree_alley, minmay_splitting_lines
D:4:      first_bread, serial_shops, shop
D:5:      grunt_temple_overflow_gold_and_silver, lemuel_doored_altar,
          lemuel_tele_altar, uniq_ijyb, uniq_duvessa

Skill      XL: |  1  2  3  4  5  6 |
---------------+-------------------+-----
Conjurations   | 5 6 7 |  7.9
Spellcasting   | 4 5 6 7 |  7.7
Dodging        | |  2.4
Stealth        | |  2.4

Action                   |  1- 3 |  4- 6 |  7- 9 || total
-------------------------+-------+-------+-------++-------
Melee: Dagger            |    10 |       |       ||    10
       Long sword        |       |       |     1 ||     1
 Cast: Magic Dart        |    84 |    88 |    26 ||   198
       Searing Ray       |     1 |    19 |     3 ||    23
       Force Lance       |       |       |     2 ||     2
  Use: Scroll            |     6 |     4 |       ||    10
       Potion            |       |     7 |       ||     7
  Eat: Chunk             |     1 |     5 |     2 ||     8
       Fruit             |       |     1 |       ||     1
Armor: Robe              |     3 |     3 |     1 ||     7
Dodge: Dodged            |    10 |    18 |     3 ||    31
       Rpst.: Long sword |       |     2 |     2 ||     4
